[Event "AUT Bundesliga 2024-25"]
[Site "Austria"]
[Date "2025.04.02"]
[Round "6.24"]
[White "Bacrot, Etienne"]
[Black "Hinterreiter, Markus"]
[Result "1-0"]
[Annotator "TA"]
[ECO "B38"]
[WhiteElo "2633"]
[BlackElo "2236"]
[PlyCount "165"]
[EventDate "2024.08.28"]
[EventType "team-tourn"]
[EventCountry "AUT"]
[SourceTitle "playchess.com"]
[Source "ChessBase"]
[SourceQuality "1"]
[TimeControl "40/5400+30:1800+30"]

1. c4 g6 2. Nc3 c5 3. Nf3 Nf6 4. d4 cxd4 5. Nxd4 Nc6 6. e4 Qb6 7. Nb3 Bg7 8. Be2 O-O 9. O-O d6 10. Be3 Qc7 11. Rc1 Be6 {[%emt 0:04:19] B38: Sicilian: Maroczy Bind with 5...Bg7 and 7...0-0.} 12. Nd5 $5 {[%emt 0:02:59][%mdl 4] A promising side line.} Qd7 13. f3 Rfc8 {[%emt 0:06:43] White is slightly better.} 14. Qd2 Qd8 $146 (14... b6 15. Rfe1 Qb7 16. Bf1 Nd7 17. Rc2 Nc5 18. Nc1 a5 19. a3 a4 20. Qf2 f5 21. exf5 Bxf5 {1-0 Gueting,J-Schneider,B (2221) Verbandsliga Nord Baden 9900 1999 (3.3)}) 15. Rfd1 {[%emt 0:02:28] White is much more active.} Nd7 {[%emt 0:04:40] Strong Square White (d5)} 16. c5 Nxc5 17. Nxc5 dxc5 18. Bxc5 (18. Rxc5 $14 b6 19. Rc4) 18... Bxd5 $11 19. exd5 Ne5 20. Bf2 a6 21. f4 Nd7 (21... Rxc1 $1 $11 22. Rxc1 Nd7) 22. Bf3 (22. Rxc8 $14 Rxc8 23. Bg4) 22... Rxc1 23. Rxc1 Rc8 24. Re1 Bf6 (24... Nf6 $11 {should be considered.}) 25. d6 $14 Nc5 (25... exd6 $14 26. Bxb7 Rb8) 26. d7 {[%emt 0:10:29] White plays in the center} (26. b4 $16 Ne6 27. Bxb7) 26... Qxd7 $11 27. Qxd7 Nxd7 28. Bxb7 {[%emt 0:00:06] A strong pair of Bishops.} Rc2 29. Bxa6 Rxb2 30. a4 Nb6 (30... Nf8 $11) 31. a5 $16 Nd5 (31... Bc3 $16) 32. Bc4 $18 Nb4 33. a6 Nxa6 34. Bxa6 h5 35. Be3 e6 36. Re2 Rb4 37. Kf2 Bd4 38. Bxd4 Rxd4 {[%emt 0:00:01][%mdl 4096] Endgame KRB-KR} 39. Ke3 Ra4 40. Bd3 Kg7 41. Rb2 Ra7 42. Rb3 Kf6 43. Kf3 Kg7 44. Kg3 Kf6 45. Be4 Ra4 46. Bc6 Rc4 47. Bb5 Rc5 48. Bd3 Rc7 49. Ra3 Rb7 50. Kf3 Rc7 51. Ke3 Rb7 52. Be4 Rb2 53. Kd3 Kg7 54. Kc3 Re2 55. Kd4 Rb2 56. Kc3 Re2 57. Ra4 Kf8 58. Bc6 Rf2 59. Bf3 Ke7 60. Ra7+ Kf6 61. Kd3 Rb2 62. Bc6 Rb8 63. Kc4 Kg7 64. Kc5 Kf6 65. Kd6 Rd8+ (65... Rb2 $142 66. Be8 Rd2+ 67. Kc5 e5 68. fxe5+ (68. Rxf7+ Ke6 $18) (68. Bxf7 Rxg2 69. fxe5+ Kxe5 $16) 68... Kxe5 69. Re7+ (69. Rxf7 Rc2+ 70. Kb4 Rb2+ 71. Kc4 Rxg2 $16) 69... Kf5 70. Rxf7+ Ke5) 66. Rd7 Rc8 67. h3 Rb8 68. Bb7 Rf8 69. Kc7 {[%emt 0:00:00] and Rd8 should not be overlooked} Kf5 $2 {[%emt 0:01:40] [#]} (69... Rh8 $18 70. h4 Re8) 70. Rd8 $1 Rxd8 71. Kxd8 Kxf4 {[%emt 0:00:05] KB-KP} 72. Ke7 g5 73. Kxf7 {[%emt 0:02:25] KB-K3P} g4 {[%emt 0:01:36] [#]} 74. h4 $1 Kg3 75. Kg6 ({Not} 75. Kxe6 Kxh4 76. Kf5 Kg3 $11) 75... Kxh4 76. Bc6 e5 77. Bb7 e4 78. Bxe4 g3 79. Bd5 Kg4 80. Bc6 {[%emt 0:00:25] White mates.} Kh4 81. Kh6 Kg4 82. Bd7+ Kh4 83. Be8 {[%emt 0:00:05] Weighted Error Value: White=0.15 (very precise) /Black=0.16 (very precise)   Mistake:       	White=3     	Black=7      Inaccurate:     	White=1     	Black=1      OK:         	White=21    	Black=17     Best:        	White=3     	---        Strong:       	White=1     	---} 1-0

[Event "AUT Bundesliga 2024-25"]
[Site "Austria"]
[Date "2025.04.02"]
[Round "6.26"]
[White "Vitouch, Anatol"]
[Black "Petrov, Nikita"]
[Result "0-1"]
[Annotator "TA"]
[ECO "D02"]
[WhiteElo "2271"]
[BlackElo "2567"]
[PlyCount "124"]
[EventDate "2024.08.28"]
[EventType "team-tourn"]
[EventCountry "AUT"]
[SourceTitle "playchess.com"]
[Source "ChessBase"]
[SourceQuality "1"]
[TimeControl "40/5400+30:1800+30"]

1. Nf3 d5 2. g3 Nd7 3. d4 Nb6 4. Bg2 Bf5 5. O-O e6 6. b3 {[%emt 0:03:52] D02: 1 d4 d5 2 Nf3 sidelines, including 2...Nf6 3 g3 and 2...Nf6 3 Bf4.} c6 7. Bb2 Nf6 8. Nbd2 {[%emt 0:03:08] White has an edge.} Be7 9. Ne5 Nbd7 10. Nxd7 $146 (10. e3 h5 11. h3 Ne4 12. Nxe4 Bxe4 13. Qe2 Bxg2 14. Kxg2 Bd6 15. e4 dxe4 16. Qxe4 {½-½ Aczel,G (2560)-Horvath,D (2447) Budapest Aranytiz GM 2021 (5)}) 10... Qxd7 11. Nf3 O-O 12. Ne5 Qc7 13. e3 h6 {[%emt 0:01:38] The position is symmetric and equal} 14. Qe2 a5 15. a4 Be4 16. c4 Rfd8 17. Rfc1 Bxg2 18. Kxg2 Bd6 19. Nd3 Qe7 20. Bc3 Ne4 21. Qe1 Bc7 22. f3 Nd6 23. c5 Nf5 24. Qf2 (24. Qe2 $5) 24... Qg5 25. Re1 Nh4+ 26. Kh1 Qf5 27. Nf4 Ng6 28. g4 Qg5 29. Ng2 (29. Nd3 $11) 29... e5 30. Rf1 exd4 31. Bxd4 Nf8 ({Better is} 31... Re8 $15) 32. h3 (32. Nh4 $1 $11 {keeps the balance.} Rd7 33. Nf5) 32... Re8 $40 {[%emt 0:02:36][%mdl 128] Black attacks with force.} 33. Rae1 {[%emt 0:01:19] [#]} (33. Nh4 $142) 33... Ne6 $1 $17 34. f4 Qe7 35. f5 $2 (35. Qc2 $17 {is a better defense.}) 35... Nxc5 $19 36. f6 Qd6 37. Nf4 g5 (37... gxf6 38. Bxc5 Qxc5 39. Nh5 $11) (37... Nxb3 38. Bb2 g5 (38... gxf6 39. Nh5 $11) (38... g6 39. Nxg6 Qg3 40. Ne7+ Kh7 41. Qc2+ Kh8 42. Ng6+ Kg8 43. Ne7+ Rxe7 44. fxe7 $15) 39. Ng6 $19) 38. Bxc5 Qxc5 39. Nh5 Bb6 40. Ng7 Rxe3 41. Qxe3 Qxe3 42. Rxe3 Bxe3 {[%emt 0:00:03][%mdl 4096] Endgame KRB-KRN. Black is two pawns up.} 43. Nf5 Bf4 44. Nxh6+ Kh7 ({Don't do} 44... Kf8 45. Nf5) 45. Nf5 Kg6 46. h4 Kxf6 47. h5 Re8 48. Kg2 c5 (48... Re2+ $19 49. Rf2 Re8) 49. Kf2 $2 (49. Rd1 $17 {was the crucial defense.}) 49... c4 {[%emt 0:02:24] Black is clearly winning.} 50. bxc4 dxc4 51. Nd4 c3 52. Nc2 Rd8 53. Re1 Kg7 54. Re2 {[%emt 0:02:35] [#]} f5 $1 55. gxf5 Kf6 56. h6 Kxf5 {[%emt 0:00:22] and ...Kg6 would now be decisive} 57. h7 Kg6 58. Re7 Rh8 59. Rxb7 Rxh7 60. Rb6+ Kf5 {[%emt 0:00:34] ( -> ...Rh2+)} 61. Ke2 Rd7 {[%emt 0:00:44] ( -> ...Rd2+)} 62. Ne1 Re7+ {[%emt 0:00:38] Weighted Error Value: White=0.28 (precise) /Black=0.12 (very precise)   Loses game:     	White=2     	---        Mistake:       	White=3     	Black=2      Inaccurate:     	White=3     	Black=1      OK:         	White=19    	Black=19     Best:        	White=1     	Black=6} 0-1

[Event "AUT Bundesliga 2024-25"]
[Site "Austria"]
[Date "2025.04.02"]
[Round "6.27"]
[White "Erdos, Viktor"]
[Black "Rubil, Marko"]
[Result "1-0"]
[Annotator "TA"]
[ECO "A80"]
[WhiteElo "2542"]
[BlackElo "2276"]
[PlyCount "49"]
[EventDate "2024.08.28"]
[EventType "team-tourn"]
[EventCountry "AUT"]
[SourceTitle "playchess.com"]
[Source "ChessBase"]
[SourceQuality "1"]
[TimeControl "40/5400+30:1800+30"]

1. d4 f5 2. Nc3 Nf6 3. Bg5 d5 4. e3 Nbd7 5. Nge2 e6 6. Nf4 {[%emt 0:18:46] A80: Dutch Defence: Unusual White second moves.} Kf7 7. Be2 g6 $146 (7... c6 8. O-O g6 9. Nd3 h6 10. Bh4 Be7 11. f4 c5 12. Ne5+ Kg7 13. Qe1 Rg8 {1-0 Smyslov,V (2485)-Galliamova,A (2556) Flamenco Women-Veterans 1999 (5)}) 8. g4 {[%emt 0:08:10] White is slightly better.} c6 9. h4 {[%emt 0:03:55][%cal Bh2h4,Bh4h5][%mdl 32] White has more active pieces. The black rooks are passive.} Qb6 (9... h6 $14 10. Bxf6 Nxf6) 10. h5 $16 Bg7 {[%emt 0:00:25] [#]} (10... Qxb2 $16 11. Na4 (11. hxg6+ hxg6 12. Rxh8 Qxc3+ 13. Kf1 Ne4 $11) 11... Qa3) 11. gxf5 $1 $18 exf5 12. a3 Rg8 (12... Qxb2 13. Na4 $18) 13. hxg6+ hxg6 {[%emt 0:00:01] [#]} 14. Nxg6 Bf8 (14... Kxg6 $2 {loses.} 15. Bh5+ Kh7 16. Bf7+ $18) 15. Bxf6 Kxg6 $2 (15... Nxf6 16. Nxf8 Rxf8) 16. Bh4 {[%emt 0:01:23] aiming for Bh5+.} Kf7 17. Bd3 Nf6 {[%emt 0:00:43] Against Qh5+} 18. Qf3 ({Much less strong is} 18. Bxf6 Kxf6 19. Qf3 Qxb2 $18) 18... Qxb2 (18... Qc7 $142 19. O-O-O (19. Bxf5 Bxf5 20. Qxf5 Bg7 $18) (19. Bxf6 Kxf6 $18) 19... Qd6) 19. Kd2 Qb6 20. Bxf5 {[%emt 0:00:47] Bxf6 would kill now.} Be7 21. Bxf6 Bxf6 22. Rh7+ Rg7 23. Rxg7+ (23. Bg6+ $142 Ke7 24. Rxg7+ Bxg7 25. Qf7+ Kd8 26. Qxg7 Bd7 27. Rh1 Kc7 28. Qe5+ Kc8 29. Bf5 (29. Rh8+ Qd8 $18)) 23... Kxg7 24. Bxc8 (24. Rg1+ $142 Kf7 25. Qh5+ Ke7 26. Qh7+ (26. Rg8 Bxf5 27. Rxa8 Be6 $18) 26... Kd6 27. Rg6) 24... Rxc8 25. Qg4+ {[%emt 0:00:06] White took control after the opening.   Weighted Error Value: White=0.57/Black=1.24  Mistake:       	---       	Black=4      OK:         	White=4     	Black=2      Best:        	White=1     	Black=1      Strong:       	White=1     	---} 1-0

[Event "AUT Bundesliga 2024-25"]
[Site "Austria"]
[Date "2025.04.02"]
[Round "6.28"]
[White "Kuthan, Andreas"]
[Black "Sankalp Gupta"]
[Result "0-1"]
[Annotator "TA"]
[ECO "B10"]
[WhiteElo "2136"]
[BlackElo "2548"]
[PlyCount "80"]
[EventDate "2024.08.28"]
[EventType "team-tourn"]
[EventCountry "AUT"]
[SourceTitle "playchess.com"]
[Source "ChessBase"]
[SourceQuality "1"]
[TimeControl "40/5400+30:1800+30"]

1. e4 c6 2. c4 d5 3. exd5 cxd5 4. cxd5 Nf6 5. Nc3 Nxd5 6. Nf3 Nc6 7. Bb5 {[%emt 0:01:23] B10: Caro-Kann: 2 d3 and 2 c4.} g6 $1 {[%emt 0:03:22][%mdl 4] is recently more successful than 7...e6.} 8. O-O Bg7 9. d4 {[%emt 0:05:29] The position is equal.} O-O 10. Re1 Bg4 11. Bxc6 bxc6 12. h3 Bxf3 {[%emt 0:05:32][%csl Od5] Strong Square Black (d5)} 13. Qxf3 e6 14. Rd1 {[%emt 0:08:42] Counterplay Black} Qb6 $146 (14... Rb8 15. b3 Qa5 16. Na4 Rfd8 17. Bg5 Re8 18. Rac1 Rec8 19. Rc5 Rb5 20. Rc4 Qc7 {1-0 Fink Nunn,P (2090)-Sadilkova,V BL2 SW 9394 (Women) 1993}) 15. Na4 Qb4 16. b3 Bxd4 17. a3 Qa5 18. b4 (18. Rxd4 $2 Qe1+ 19. Kh2 Qe5+ 20. g3 Qxd4 $19) 18... Qxa4 (18... Bxf2+ 19. Qxf2 Qxa4 20. Bh6 $16) 19. Rxd4 f6 ({Black should play} 19... c5 $17 20. Rc4 cxb4) 20. Bh6 $132 {[%emt 0:06:51][%mdl 2048] White is not holding back} Rf7 21. Rc1 {[%emt 0:00:26][%mdl 1024] White has compensation.} Qa6 22. Rc5 Rd8 23. h4 Qb6 24. Qe4 e5 25. Rdc4 Ne7 26. Be3 Qb8 27. Qg4 Qd6 28. Ra5 Nf5 29. Bxa7 {[%emt 0:01:39][%mdl 8192] [#]} ({Better is} 29. Qe2 $15) 29... Qd2 $1 $19 30. Qe4 {[%emt 0:03:45][%cal Oa7b6] [#] Against Qe1+} Rd5 $2 (30... Nd6 31. Qxc6 Qd1+ (31... Rc8 32. Qxc8+ Nxc8 33. Rxc8+ Kg7 34. g3 $11) 32. Kh2 Nxc4 33. Qxc4 $15) (30... Qd1+ $1 $19 31. Kh2 Nd6 32. Qxc6 Nxc4 33. Qxc4 Kg7) 31. Bc5 $11 (31. Rxc6 $2 Rxa5 32. bxa5 Rxa7 $19) 31... Qd1+ 32. Kh2 Qf1 33. Ra8+ $2 (33. Rc3 $11) 33... Kg7 $19 {[%emt 0:00:02] Strongly threatening ...Rd1.} 34. h5 $2 (34. Rc3 Rd1 35. g3) 34... Rd1 35. g3 gxh5 $2 (35... Nh6 $19 {[%cal Oh6g4] ( -> ...Ng4+!)} 36. Qf3 f5) 36. Qxc6 $2 (36. Qf3 $17) 36... Nh6 $2 (36... Qxc4 37. Bf8+ Rxf8 38. Qxc4 Rxa8 39. Qc2 $17) (36... Re1 {[%cal Oe5e4] ( -> ...e4!)} 37. Rf8 Nh6 (37... Qxc4 $2 38. Rg8+ Kxg8 39. Qc8+ Kg7 40. Bf8+ Rxf8 41. Qxc4 $19) (37... Rxf8 $2 38. Bxf8+ Kg6 39. Rc2 $19)) 37. b5 $2 ({Don't go for} 37. Qf3 $2 f5 38. Ra7 Qg1+ (38... Rxa7 $2 39. Bxa7 Qg1+ 40. Kh3 $19) 39. Kh3 Rxa7 40. Bxa7 Rd7 $19 (40... Qf1+ $2 41. Kh2 $19)) (37. Rh4) 37... Ng4+ $2 (37... e4 $19 {( -> ...Qh1#)} 38. Qxe4 Ng4+ 39. Qxg4+ hxg4 40. Rxg4+ Kh6 41. Be3+ Kh5 42. Rh4+ Kg6 43. Rg4+ Kf5 44. Rf4+ Ke5 45. Re8+ Kd6 46. Rd4+ Rxd4 47. Bxd4 Rc7 (47... Qxb5 $2 48. Re1 $19)) 38. Rxg4+ $11 hxg4 39. Qg2 {[%emt 0:00:57][%mdl 8192] Wards off Qg1+} (39. Rg8+ $11 Kxg8 40. Qc8+ Rd8 (40... Kg7 41. Qxg4+ Kh8 42. Qc8+ Kg7 43. Qg4+ Kh8 44. Qc8+ Kg7 45. Qg4+ $11) 41. Qxd8+ Kg7 42. b6) 39... Qd3 $19 {[%emt 0:00:02][%cal Od3f5] ( -> ...Qf5!)} ({Less strong is} 39... Qxb5 40. Qe4 h5 (40... Qxc5 41. Qxg4+ Kh6 42. Qh3+ Kg7 43. Qg4+ Kh6 44. Qh4+ Kg7 45. Qg4+ $11) 41. Rc8 $17) 40. Rb8 Qf5 {[%emt 0:00:12] Weighted Error Value: White=1.03/Black=0.66  Loses game:     	White=3     	---        Missed win:     	---       	Black=1      Mistake:       	White=2     	Black=1      Inaccurate:     	White=6     	Black=3      OK:         	White=11    	Black=12     Best:        	White=3     	Black=5      Strong:       	---       	Black=1} 0-1

[Event "AUT Bundesliga 2024-25"]
[Site "Austria"]
[Date "2025.04.02"]
[Round "6.29"]
[White "Ivanisevic, Ivan"]
[Black "Lovrinovic, Christian"]
[Result "1-0"]
[Annotator "TA"]
[ECO "C13"]
[WhiteElo "2527"]
[BlackElo "2062"]
[PlyCount "49"]
[EventDate "2024.08.28"]
[EventType "team-tourn"]
[EventCountry "AUT"]
[SourceTitle "playchess.com"]
[Source "ChessBase"]
[SourceQuality "1"]
[TimeControl "40/5400+30:1800+30"]

1. d4 Nf6 2. Bg5 e6 3. Nd2 d5 4. e4 dxe4 5. Nxe4 Be7 6. Nxf6+ Bxf6 7. Bxf6 Qxf6 8. Nf3 Nd7 9. Qd2 O-O 10. O-O-O c5 11. Qe3 b6 {[%emt 0:24:25] C13: French: Classical System: 4 Bg5 Be7, Alekhine-Chatard Attack.} (11... a6 $11) 12. Bb5 $16 cxd4 13. Rxd4 Nc5 {[%emt 0:00:17] White is better.} 14. Ne5 {[%emt 0:01:24] Black is weak on the light squares} a5 15. Rhd1 $146 {[%emt 0:15:10] White has more active pieces.} (15. Rd6 Bb7 16. Rxb6 Rfc8 17. Nc6 Bxc6 18. Bxc6 Rab8 19. Qxc5 Rxb6 20. Qxb6 Qf4+ 21. Kb1 {1-0 Kotronias,V (2495)-Pastar,S (2359) Caissa Asli Gp-A 2022 (1)}) 15... Bb7 16. Bc6 ({Better is} 16. f3 $16) 16... Bxc6 $14 17. Nxc6 Rac8 $2 {[%emt 0:00:17][%mdl 8192] [#] Loses the game.} ({Black should play} 17... Rae8 $14) 18. Rf4 $18 Qg5 19. h4 Qxg2 20. Ne7+ Kh8 21. Nxc8 Rxc8 22. Qd4 {[%emt 0:04:32][%cal Od4d8] Threatening mate with Qd8+!.} h5 23. Rxf7 Qg6 {[%emt 0:00:00] [#] ( -> ...Nb3+)} 24. Rc7 $1 Nb3+ (24... Qh6+ 25. Kb1 Rxc7 26. Qd8+ Kh7 27. Qxc7) (24... Rxc7 $142 25. Qd8+ Kh7 26. Qxc7 a4 27. Qxb6 Qf5) 25. axb3 {[%emt 0:00:13] Weighted Error Value: White=0.08 (flawless) /Black=1.16  Loses game:     	---       	Black=1      Mistake:       	White=1     	Black=1      OK:         	White=4     	Black=6      Best:        	White=4     	---        Strong:       	White=1     	---} 1-0

[Event "AUT Bundesliga 2024-25"]
[Site "Austria"]
[Date "2025.04.02"]
[Round "6.30"]
[White "Karelina, Polina"]
[Black "Milanovic, Danilo"]
[Result "0-1"]
[Annotator "RC"]
[ECO "B01"]
[WhiteElo "1903"]
[BlackElo "2418"]
[PlyCount "54"]
[EventDate "2024.08.28"]
[EventType "team-tourn"]
[EventCountry "AUT"]
[SourceTitle "playchess.com"]
[Source "ChessBase"]
[SourceQuality "1"]
[TimeControl "40/5400+30:1800+30"]

1. e4 d5 2. exd5 Qxd5 3. Nc3 Qd6 4. d4 Nf6 5. Nf3 c6 6. Bc4 Bg4 7. Be3 Nbd7 8. Qd2 e6 9. a3 Qc7 10. h3 Bh5 11. Bf4 Bd6 12. Bxd6 Qxd6 13. g4 Bg6 14. O-O-O b5 15. Bd3 a5 16. Bxg6 hxg6 17. Ng5 b4 18. Nce4 Nxe4 19. Nxe4 Qd5 20. Nc5 Qa2 21. Qe3 Nxc5 22. dxc5 Qa1+ 23. Kd2 Qxb2 24. axb4 Rd8+ 25. Ke1 Qxb4+ 26. Ke2 Qc4+ 27. Ke1 Rxd1+ 0-1

[Event "AUT Bundesliga 2024-25"]
[Site "Austria"]
[Date "2025.04.02"]
[Round "6.31"]
[White "Nisipeanu, Liviu-Dieter"]
[Black "Saric, Ivan"]
[Result "1/2-1/2"]
[Annotator "TA"]
[ECO "B51"]
[WhiteElo "2579"]
[BlackElo "2659"]
[PlyCount "63"]
[EventDate "2024.08.28"]
[EventType "team-tourn"]
[EventCountry "AUT"]
[SourceTitle "playchess.com"]
[Source "ChessBase"]
[SourceQuality "1"]
[TimeControl "40/5400+30:1800+30"]

1. e4 c5 2. Nf3 d6 3. Bb5+ Nd7 4. a4 Ngf6 5. Nc3 a6 6. Be2 {[%emt 0:00:14] B51: Sicilian: Moscow Variation (3 Bb5+) without 3...Bd7.} b6 7. d4 cxd4 8. Qxd4 Bb7 9. O-O e5 10. Qe3 Be7 11. Nd2 O-O 12. Rd1 Qc7 13. b3 d5 14. exd5 Bc5 $146 {[%emt 0:01:51] Black sacrificed a pawn} (14... Bb4 15. Nde4 Nxe4 16. Nxe4 f5 17. Bc4 Kh8 18. Ng5 Qd6 19. Ne6 Rf6 20. Bb2 Rg6 {0-1 Li,W (2096)-Doknjas,J (2203) Canada zt Kingston 2019 (9)}) 15. Qg3 Bd4 16. Nde4 (16. Nc4 $14 Bxc3 17. Qxc3) 16... Nxe4 $11 (16... Nxd5 $2 17. Nxd5 (17. Bh6 g6 $18) 17... Bxd5 18. Bh6 $18 (18. Rxd4 Bxe4 19. Rxe4 Qxc2 $18)) 17. Nxe4 Bxa1 18. Bh6 g6 19. Rxa1 ({Much weaker is} 19. Bxf8 Qxc2 20. Rxa1 Qxe2 $15) 19... Bxd5 $1 20. Nc3 (20. Bxf8 $5 Qxc2 21. Nc3 (21. Bd3 Qb2 $11) 21... Rxf8 22. Nxd5 Qxe2 23. Qh3 $11) 20... Bb7 (20... Be6 {simplifies} 21. Bxf8 Kxf8 22. Qf3 Rc8) 21. Bc4 {[%emt 0:04:05] [#]} (21. Bxf8 $11 Rxf8 22. Bc4) 21... b5 $1 22. Bxf8 {[%emt 0:01:01] The position is equal.} bxc4 23. Bh6 cxb3 24. cxb3 Rc8 25. Rc1 f6 26. h4 Qb6 27. Qg4 f5 28. Qd1 Nf6 {[%emt 0:06:57] ...Ng4 would now be deadly.} 29. Nd5 Rxc1 30. Nxf6+ (30. Nxb6 $2 {is the wrong capture.} Rxd1+ 31. Kh2 Ng4+ 32. Kg3 Nxh6 $19) 30... Qxf6 31. Bxc1 {[%emt 0:00:26] and Bg5 should not be overlooked} Qc6 32. f3 {[%emt 0:00:21] Weighted Error Value: White=0.10 (very precise) /Black=0.10 (very precise)   Mistake:       	White=2     	Black=1      Inaccurate:     	---       	Black=1      OK:         	White=16    	Black=11     Best:        	White=2     	Black=2      Strong:       	---       	Black=1} 1/2-1/2

[Event "AUT Bundesliga 2024-25"]
[Site "Austria"]
[Date "2025.04.02"]
[Round "6.32"]
[White "Brkic, Ante"]
[Black "Michalik, Peter"]
[Result "1/2-1/2"]
[Annotator "TA"]
[ECO "C43"]
[WhiteElo "2586"]
[BlackElo "2563"]
[PlyCount "77"]
[EventDate "2024.08.28"]
[EventType "team-tourn"]
[EventCountry "AUT"]
[SourceTitle "playchess.com"]
[Source "ChessBase"]
[SourceQuality "1"]
[TimeControl "40/5400+30:1800+30"]

1. e4 e5 2. Nf3 Nf6 3. d4 Nxe4 4. Bd3 d5 5. Nxe5 Nd7 6. O-O Nxe5 7. dxe5 Nc5 {[%emt 0:01:03] C43: Petroff Defence: 3 d4.} 8. Be3 $1 {[%emt 0:00:07][%mdl 4] is recently more successful than 8.Be2.} Be7 9. f4 Nxd3 10. Qxd3 g6 11. Nc3 c6 12. Ne2 Bf5 {[%emt 0:02:35] Black is weak on the dark squares} 13. Qb3 Qd7 14. Ng3 b6 15. Qc3 $146 (15. Nxf5 {feels hotter.} Qxf5 16. Qa4 Kd7 17. Rad1) (15. Rad1 Qe6 16. Ne2 c5 17. Rxd5 Bxc2 18. Qb5+ Kf8 19. Nc3 Kg7 20. Rd2 Bf5 21. h3 {½-½ Grandelius,N (2668)-Smith,A (2491) SWE-ch Ronneby 2018 (5)}) 15... Qe6 16. Nxf5 gxf5 17. a4 O-O-O (17... c5 $14 18. Bf2 O-O) 18. Rfd1 (18. a5 d4 19. Bxd4 Rxd4 20. axb6 (20. Qxd4 $2 Bc5 $19) 20... Rc4 21. bxa7 Kb7 22. Qb3+ Ka8 $17) 18... c5 19. a5 Kb7 {[%emt 0:02:44] [#] Threatens to win with ...d4.} 20. Bf2 Rhg8 21. axb6 axb6 22. Qf3 Qc6 23. Qd3 (23. g3 $18) 23... h5 24. Qxf5 {[%emt 0:01:54] White is more active.} d4 25. g3 (25. Qxh5 $2 Qxg2#) 25... h4 26. Qxf7 (26. Qh3 $16) 26... h3 $11 {[%emt 0:06:33][%csl Gh3][%cal Rc6g2] [#] The position is equal.} 27. Kf1 {[%emt 0:00:01][%cal Of7h7,Bg1f1,Bf1e2,Be2d2,Bd2c1,Bc1b1][%mdl 32] and Qh7! should not be overlooked} (27. Qxe7+ $2 {is the wrong capture.} Rd7 $19) 27... Qg2+ 28. Ke2 Qe4+ $1 29. Kd2 d3 $1 30. Qxe7+ (30. Kc1 $5 d2+ $8 31. Kb1 $11) 30... Kc6 31. Qe6+ Kb7 32. Qe7+ (32. Qxh3 $2 {is a self mate.} Qe2+ 33. Kc3 Qxc2#) 32... Kc6 {[%emt 0:00:04] ( -> ...Qe2+)} 33. Kc1 d2+ $1 34. Kb1 $1 Qe2 {[%emt 0:00:21][%csl LRd1,LRf2] Against Ra6} 35. Qe6+ Kb7 36. Qe7+ Kc6 37. Qe6+ Kb7 38. Qf7+ Kc6 39. Qe6+ {[%emt 0:00:54] Black defended with fortune.   Weighted Error Value: White=0.08 (flawless) /Black=0.04 (flawless)   Mistake:       	White=2     	Black=1      Inaccurate:     	White=1     	Black=2      OK:         	White=14    	Black=8      Best:        	White=1     	Black=7      Strong:       	White=1     	Black=3} 1/2-1/2

[Event "AUT Bundesliga 2024-25"]
[Site "Austria"]
[Date "2025.04.02"]
[Round "6.33"]
[White "Vogel, Roven"]
[Black "Martinovic, Sasa"]
[Result "1/2-1/2"]
[Annotator "TA"]
[ECO "E05"]
[WhiteElo "2557"]
[BlackElo "2549"]
[PlyCount "113"]
[EventDate "2024.08.28"]
[EventType "team-tourn"]
[EventCountry "AUT"]
[SourceTitle "playchess.com"]
[Source "ChessBase"]
[SourceQuality "1"]
[TimeControl "40/5400+30:1800+30"]

1. d4 Nf6 2. c4 e6 3. Nf3 d5 4. g3 Be7 5. Bg2 O-O 6. O-O dxc4 7. Qc2 b5 8. a4 {[%emt 0:02:11] E05: Open Catalan: 5 Nf3 Be7.} Bb7 9. axb5 a6 10. bxa6 (10. Qxc4 $2 {is the wrong capture.} axb5 11. Qxb5 Bc6 (11... Rxa1 $2 12. Qxb7 Rxb1 13. Qa8 $19) 12. Rxa8 Bxb5 $19) 10... Nxa6 11. Qxc4 Bd5 {[%emt 0:00:15] Black sacrificed a pawn} 12. Qc3 c5 13. Be3 Ne4 14. Qe1 Nb4 15. Rxa8 Qxa8 16. Nc3 Nxc3 17. bxc3 Nc2 18. Qd2 Nxe3 19. Qxe3 cxd4 20. cxd4 Bf6 {[%emt 0:00:21] [#]} 21. Qf4 $1 Qb8 22. e3 $5 $146 {[%emt 0:09:00][%mdl 8] New and interesting.} (22. Qg4 g6 23. e3 h5 24. Qf4 Qxf4 25. gxf4 Bxf3 26. Bxf3 Rd8 27. Rb1 Rd7 28. Kg2 {½-½ Andreikin,D (2729)-Nakamura,H (2760) Chess.com Rapid Wk18 Swiss 2022 (5)}) 22... Qxf4 23. gxf4 Bxf3 24. Bxf3 $14 {[%emt 0:00:07][%mdl 4096] Endgame KRB-KRB. White is a pawn up.} g6 25. Rb1 Re8 26. Be4 Kg7 27. Rb5 Re7 28. Kg2 {[%emt 1:00:54] White is more active.} Rc7 29. Kg3 Re7 30. Bc2 Rc7 31. Bb3 Ra7 32. Kg4 Rd7 33. d5 exd5 34. Bxd5 Rc7 35. f5 Be7 36. e4 Bc5 37. fxg6 hxg6 38. f4 Bg1 39. h4 Be3 40. Rb3 Bd2 41. Rd3 Bc1 42. Rf3 Bb2 43. Rf2 Bd4 44. Rd2 Be3 45. Rg2 Rc1 46. Kf3 Bc5 47. h5 Rf1+ 48. Kg4 Rg1 49. Rxg1 Bxg1 $11 {[%emt 0:00:00] [#] KB-KB. White is a pawn up.} (49... gxh5+ $1 $11 50. Kf3+ (50. Kxh5+ Bxg1 51. e5 Kf8 $11) 50... Bxg1) 50. h6+ $1 $16 Kxh6 (50... Kh7 51. Bxf7) 51. Bxf7 Bb6 52. e5 Kg7 53. Be8 ({But not} 53. Bxg6 Kxg6 54. f5+ Kf7 $11) 53... Bc7 54. Kg5 Bd8+ 55. Kg4 Bc7 $1 56. Kg5 (56. Bc6 $16) 56... Bd8+ $11 57. Kg4 {[%emt 0:00:00] Weighted Error Value: White=0.08 (flawless) /Black=0.06 (flawless)   Mistake:       	White=1     	Black=1      Inaccurate:     	White=3     	Black=3      OK:         	White=8     	Black=23     Best:        	White=3     	Black=3      Strong:       	White=1     	Black=1      Brilliant:      	White=1     	---} 1/2-1/2